[Event "*** SCC Grand Prix: Titled Tuesday Blitz"]
[Site "Chess.com"]
[Date "2020.09.08"]
[Round "3"]
[White "rpragchess"]
[Black "SeedToTree"]
[Result "1-0"]
[WhiteElo "2849"]
[BlackElo "2604"]
[TimeControl "180+1"]
[EndTime "10:31:27 PDT"]
[Termination "rpragchess won on time"]

1. g3 g6 2. Bg2 Bg7 3. d4 c6 4.
e4 d5 5. e5 c5 6. c3 cxd4 7.
cxd4 Nc6 8. Ne2 Bg4 9. Nbc3 Bxe2 10.
Nxe2 Qa5+ 11. Bd2 Qb5 12. Nc3 Qd3 13. Be3 Qxd1+ 14. Rxd1 e6 15. Nb5 O-O-O 16. Nd6+ Rxd6 17. exd6 Nf6 18. O-O Kd7 19. b4 Ne8 20. b5 Na5 21.
a4 Nxd6 22. Rc1 Nf5 23. Bh3 Nxd4 24. Bxd4 Bxd4 25. Rfd1 Bb6 26. Rxd5+ Ke7 27. Rd3 Rd8 28. Rxd8 Kxd8 29. Rc3 Bd4 30. Rd3 e5 31. Bg2 Kd7 32. Rd2 Kd6 33. Rc2 Bc5 34. Kf1 f6 35. Ke2 b6 36. Rc3 f5 37. h4 e4 38. f3 e3 39. f4 Bd4 40. Rc8 Nb3 41. Rc6+ Kd7 42. Rc4 Bc5 43. Bc6+ Kd6 44. Rc3 Nd4+ 45. Kd3 Nxc6 46.
bxc6 Kxc6 47. Ke2 Kd5 48. Rd3+ Bd4 49. Rd1 a6 50. Rb1 Kc4 51. Rc1+ Kd5 52. Rc7 h6 53. Rh7 Ke6 54. Rxh6 Kf7 55. h5 gxh5 56. Rxh5 Kg6 57. Rh1 Kf6 58. Rd1 Bc5 59. Rd7 Ke6 60. Ra7 a5 61.
Rg7 Kf6 62. Rd7 Ke6 63. Rh7 Kf6 64. Kd3 Ke6 65. Rh6+ Ke7 66. Rg6 Kf7 67. Rh6 Ke7 68. Rh2 Ke6 69. Kc4 Kf7 70. Kd5 Kf6 71. Rh6+ Kg7 72. Re6 Kf7 73. Ke5 e2 74. Kxf5 Bf2 75. Rxe2 Bxg3 76. Rb2 1-0

[Event "*** SCC Grand Prix: Titled Tuesday Blitz"]
[Site "Chess.com"]
[Date "2020.09.08"]
[Round "3"]
[White "LiemLe"]
[Black "Mazetovic"]
[Result "1/2-1/2"]
[WhiteElo "2971"]
[BlackElo "2635"]
[TimeControl "180+1"]
[EndTime "10:31:31 PDT"]
[Termination "Game drawn by agreement"]

1. d4 Nf6 2. Nf3 g6 3. c4 Bg7 4. Nc3 d6 5. e4 O-O 6. h3 Nc6 7. d5 Nb4 8. a3 Na6 9. Be3 e6 10. Bd3 Nc5 11. Bc2 exd5 12. exd5 Re8 13. O-O Nce4 14.
Nxe4 Nxe4 15. Bd4 Ng5 16. Bxg7 Kxg7 17. Qd4+ Qf6 18. Qxf6+ Kxf6 19. Nd4 Bd7 20. Rae1 c5 21.
dxc6 bxc6 22. f4 Ne6 23. Rd1 Nxd4 24. Rxd4 Re2 25. Rf2 Rxf2 26. Kxf2 Ke7 27. Ke3 Rb8 28.
b3 a5 29. Rd2 c5 30. Kd3 Bc6 31. Kc3 Kd7 32. Re2 Re8 33. Rxe8 Kxe8 34. g3 Ke7 35. b4 axb4+ 36. axb4 cxb4+ 37. Kxb4 f6 38. Kc3 Be8 39. Be4 h6 40. Bd5 g5 41. h4 gxh4 42. gxh4 Bd7 43. Kb4 Bg4 44. Ka5 Bf5 45. Kb6 Bg4 46. Kc7 Bf5 47.
Kc6 Bg4 48. Kb5 Bd7+ 49. Kb4 Bf5 50. Kc3 Bd7 51. Kd4 Bf5 52. Be4 Be6 53. Bd3 Bd7 54. Ke4 Be6 55. Kf3 Bd7 56. Be4 Be6 57. Bd5 Bf5 58.
Ke3 Bd7 59. Ke4 Bg4 60. f5 Bh5 61. Kf4 Be8 62. Kg4 Kf8 63. Kf4 Ba4 64. Be6 Ke7 65.
Kg4 Be8 66. Kf4 Ba4 67. Bd5 Be8 68. Kg4 Kf8 69. Be4 Ba4 70. Bd5 Bc2 71. Kf4 Ke7 72.
Be4 Bb3 73. Bd5 Bc2 74. Kg4 Kf8 75. Bf3 Bd3 76. Bd5 Kg7 77. Kf4 Kf8 78. Be6 Ke7 79. Ke3 Bf1 80. Kd4 Bh3 81. Ke4 Bf1 82. Kf4 Bg2 83. Kg4 Kf8 84. Kg3 Be4 85. Kf4 Bb1 86. Bd5 Bc2 87. Be4 Ba4 88. Kg4 Bd7 89. Kh5 Kg7 90.
Kg4 Ba4 91. Kf4 Kf8 92. Ke3 Ke7 93. Kd4 Be8 1/2-1/2

[Event "*** SCC Grand Prix: Titled Tuesday Blitz"]
[Site "Chess.com"]
[Date "2020.09.08"]
[Round "3"]
[White "pooh2012"]
[Black "manitodeplomo"]
[Result "0-1"]
[WhiteElo "2361"]
[BlackElo "2567"]
[TimeControl "180+1"]
[EndTime "10:31:33 PDT"]
[Termination "manitodeplomo won by resignation"]

1. d4 g6 2. h4 h5 3. Nf3 Bg7 4. c3 Nf6 5. Bg5 d6 6. Nbd2 Nbd7 7. e3 b6 8. a4 a6 9. a5 b5 10. c4 c5 11. Be2 O-O 12. O-O bxc4 13. Nxc4 Rb8 14. Qc2 Rb4 15. Rfc1 Qc7 16. dxc5 Nxc5 17. Nb6 Bf5 18. Qd1 Rxb2 19. Bxf6 Bxf6 20. Nd5 Qb8 21.
Nxf6+ exf6 22. Nd4 Bd7 23. Bc4 Kg7 24. Qf3 Re8 25. Qd5 Re7 26. Qf3 Bg4 27. Qg3 Re5 28. f3 Bd7 29. Rc3 Qb4 30. Rac1 Qxa5 31. Ne2 Qb6 32.
Nf4 Bc6 33. Kh2 Na4 34. Rd3 Bb7 35. e4 Nc5 36. Rdc3 a5 37. Bd5 Bc8 38. Bc4 Bb7 39. Bd5 Bc8 40. Bc4 Be6 41. Bd5 Bxd5 42. Nxd5 Qd8 43.
Ra3 a4 44. Rca1 Rb3 45. Rxa4 Nxa4 46. Rxa4 Rd3 47. Ra7 Rexd5 48. exd5 Rxd5 49. Ra4 Re5 50. Rf4 Qe7 51. Rd4 Qe6 52. Qf4 Rd5 53. Re4 Re5 54. Rd4 Qe7 55. Qd2 Re6 56. Qf4 f5 57.
Qg3 Qf6 58. Qf4 Qe5 59. Kh3 Qxf4 60. Rxf4 Kf6 61. Rd4 Ke5 62. Rd3 d5 63. Kg3 f4+ 64.
Kf2 d4 65. Ra3 Rc6 66. Ke2 Rc3 67. Ra5+ Kf6 68. Ra4 Rc2+ 69. Kd3 Rxg2 70. Rxd4 g5 71. hxg5+ Kxg5 72. Rd5+ f5 73. Rd8 Kh4 74. Rf8 Kg3 75. Rxf5 h4 76. Rh5 Kxf3 77. Rxh4 Rg7 78. Kd2 Kg3 79.
Rh6 Rd7+ 80. Ke2 f3+ 81. Ke3 Re7+ 82. Kd2 Kf2 83. Rf6 Rd7+ 84. Kc2 Ke2 85. Re6+ Kf1 86.
Re3 f2 87. Rg3 Rd5 88. Re3 Kg2 89. Re2 Kf3 0-1

[Event "*** SCC Grand Prix: Titled Tuesday Blitz"]
[Site "Chess.com"]
[Date "2020.09.08"]
[Round "3"]
[White "Smile2005"]
[Black "Brave_spirit12"]
[Result "1-0"]
[WhiteElo "2308"]
[BlackElo "2502"]
[TimeControl "180+1"]
[EndTime "10:31:33 PDT"]
[Termination "Smile2005 won by checkmate"]

1. Nf3 d5 2. g3 c6 3. Bg2 Nf6 4.
O-O g6 5. d3 Bg7 6. Nbd2 O-O 7.
e4 dxe4 8. Nxe4 Nbd7 9. c3 e5 10. Qc2 Nxe4 11. dxe4 Qe7 12. Be3 Nf6 13. Rfd1 a5 14.
a4 Be6 15. Ng5 Bg4 16. Bf3 h6 17. Bxg4 Nxg4 18. Nf3 Nxe3 19. fxe3 Rfd8 20. Qb3 Qc5 21.
Kf2 b6 22. Rxd8+ Rxd8 23. Rd1 Qe7 24. Ke2 Rb8 25. Rd3 b5 26. axb5 Rxb5 27. Qc2 Qb7 28. Rd2 Bf6 29. Ne1 Kg7 30. Kf3 Qb6 31. Nd3 Bg5 32.
Re2 c5 33. Qa4 Qb8 34. Qc4 h5 35. Nxc5 Rxb2 36. Nd7 Qb3 37. Nxe5 Qxc4 38. Nxc4 Rb3 39. Rc2 a4 40. Ra2 Rxc3 41. Rxa4 Kh6 42. e5 Rc2 43. h4 Bd8 44. Nd6 Kg7 45. Ra7 Kg8 46. Nxf7 Bb6 47. Rb7 Rc3 48. Rxb6 Kxf7 49. Rf6+ Kg7 50. Rb6 Rc4 51.
Rb7+ Kf8 52. e6 Rc6 53. e7+ Kf7 54. Kf4 Re6 55. e4 Rf6+ 56. Kg5 Re6 57. Kf4 Ke8 58. e5 Kf7 59. Ke4 Ra6 60. Kd5 Ra5+ 61. Kd6 Ra6+ 62. Kd7 Re6 63. Kd8 Rxe5 64. e8=Q+ Kf6 65. Qf8+ Ke6 66. Re7+ Kd5 67. Rxe5+ Kxe5 68. Qg7+ Kf5 69.
Qc3 Kg4 70. Ke7 g5 71. hxg5 Kxg5 72. Qf3 h4 73. gxh4+ Kg6 74. h5+ Kh7 75. Qg4 Kh8 76. h6 Kh7 77. Qg7# 1-0

[Event "*** SCC Grand Prix: Titled Tuesday Blitz"]
[Site "Chess.com"]
[Date "2020.09.08"]
[Round "3"]
[White "Natalya_Buksa"]
[Black "barbosean"]
[Result "1/2-1/2"]
[WhiteElo "2518"]
[BlackElo "2306"]
[TimeControl "180+1"]
[EndTime "10:31:51 PDT"]
[Termination "Game drawn by agreement"]

1. d4 d5 2. Nc3 Nf6 3. Bf4 e6 4. Nb5 Na6 5. e3 c6 6. Nc3 Qa5 7.
Bd3 Ne4 8. Ne2 Bb4 9. Bxe4 dxe4 10. O-O f5 11. a3 Be7 12. b4 Qd8 13. b5 cxb5 14.
Nxb5 O-O 15. c4 Bd7 16. Nec3 Bf6 17. Qe2 Qa5 18. Rfc1 Rfd8 19. Rab1 Bc6 20. d5 exd5 21. cxd5 Be8 22. d6 Bf7 23. Nc7 Rab8 24. N3b5 b6 25. Nxa6 Qxa6 26. d7 Ra8 27. Nc7 Qxe2 28. Nxa8 g5 29. Bg3 Ba2 30. Re1 Qc2 31. Rbc1 Qb2 32. Rc8 Be6 33. Rd1 Kf7 34. Nc7 Rxd7 35. Rf1 Bc4 36.
Ne8 Bxf1 37. Nxf6 Kxf6 38. h4 Be2 39. Kh2 Ke6 40. hxg5 Bg4 41. Re8+ Re7 42. Rd8 Kf7 43. Rd6 Qe2 44. Bh4 Ke8 45. Rc6 Rd7 46. Rc8+ Rd8 47.
Rc7 Rd1 48. g6 hxg6 49. Re7+ Kf8 50. Rxa7 Qe1 51. Be7+ Ke8 52. Bh4 Qh1+ 53. Kg3 Rg1 54. Re7+ Kf8 55. Rh7 Rxg2+ 56. Kf4 Ke8 57. Rh8+ Kd7 58.
Rh7+ Kc6 59. Ke5 Rxf2 60. Rh6 Kb5 61. Kf6 Qh2 62. Kg5 Qe5 63. Bxf2 Bf3 64. Bh4 Bh5 65. Rh7 Qe8 66. Kf4 Qb8+ 67. Kg5 Qh2 68. Re7 Qg2+ 69. Kf6 Qa2 70. Re5+ Ka4 71. Be1 b5 72. Bb4 Qb2 73. Ke6 f4 74. Rxe4 Qa2+ 75. Ke7 Kb3 76. Rxf4 Qe2 77.
Re4 Qd3 78. Re5 Bg4 79. Bd6 Bf5 80. Rc5 Qxe3+ 81. Re5 Qd4 82. Rxb5+ Ka4 83. Rb4+ Qxb4 84. axb4 Kb5 85. Kf6 Bb1 86. Bf8 Bc2 87. Ke5 Bb1 88.
Kd4 Bc2 89. Kc3 Bb1 90. Bh6 Bf5 91. Bg5 Bd7 92. Kb2 Bc8 93. Kc3 Bd7 94. Be7 Bc8 95. Kd4 Bd7 96. Ke5 Bc8 97. Kf6 Bf5 1/2-1/2

[Event "*** SCC Grand Prix: Titled Tuesday Blitz"]
[Site "Chess.com"]
[Date "2020.09.08"]
[Round "3"]
[White "GameOverBro"]
[Black "Msb2"]
[Result "1/2-1/2"]
[WhiteElo "2463"]
[BlackElo "2881"]
[TimeControl "180+1"]
[EndTime "10:31:57 PDT"]
[Termination "Game drawn - insufficient material"]

1. e4 e6 2. d4 d5 3. Nd2 c5 4. exd5 Qxd5 5. Ngf3 cxd4 6. Bc4 Qd6 7. Qe2 Nf6 8. Nb3 Nc6 9. Bg5 a6 10. O-O-O b5 11.
Bd3 Be7 12. Nbxd4 Nxd4 13. Nxd4 Qd5 14. Bxf6 Bxf6 15. Nxb5 Qg5+ 16. Kb1 axb5 17. Bxb5+ Kf8 18. a4 g6 19. h4 Qc5 20. h5 Bb7 21. Rd7 Bd5 22. Rd1 Qb4 23. c4 Be4+ 24. Kc1 Bg5+ 25. R1d2 Bxd2+ 26. Rxd2 Bxg2 27. Qe5 Rg8 28. h6 Rc8 29.
Rd7 Rxc4+ 30. Bxc4 Qxc4+ 31. Kd2 Qb4+ 32. Kc1 Ke8 33. Qc7 Qe1+ 34. Kc2 Qxf2+ 35. Kc3 Qe3+ 36. Kb4 Qe4+ 37. Ka3 Qe3+ 38. b3 Qc5+ 39. Qxc5 Kxd7 40. Qd4+ Bd5 41. Qa7+ Kd6 42. Qxf7 Rb8 43. Qf4+ e5 44.
Qf6+ Be6 45. a5 Rxb3+ 46. Ka4 Rb1 47. Qf8+ Kd5 48. Qa8+ Kd6 49. Qd8+ Bd7+ 50. Ka3 Rb5 51. Qf6+ Kd5 52. Qf7+ Be6 53. Qxh7 Rxa5+ 54. Kb4 Ra1 55.
Qxg6 e4 56. h7 Rb1+ 57. Kc3 Rh1 58. Qg5+ Kd6 59. Qf4+ Kd5 60. Qf8 Rh3+ 61. Kd2 Rxh7 62. Qa8+ Ke5 63. Qb8+ Kf5 64. Qf8+ Rf7 65. Qe8 Rd7+ 66.
Ke3 Rd3+ 67. Ke2 Rf3 68. Qf8+ Ke5 69. Qe7 Rh3 70. Kd2 Kf5 71. Qf8+ Ke5 72. Qg7+ Kd5 73. Qb7+ Kd4 74. Qb6+ Ke5 75. Qc7+ Kf5 76. Qc5+ Kf4 77.
Qd6+ Kf5 78. Qc5+ Kf6 79. Qf8+ Bf7 80. Qd6+ Kf5 81. Qd7+ Be6 82. Qb5+ Kg4 83. Qe5 Bf5 84. Qg7+ Kf4 85. Qc7+ Kf3 86. Qe5 Kg4 87. Qg7+ Kf4 88. Qc7+ Kg5 89. Qg7+ Bg6 90. Qe5+ Kg4 91. Qe6+ Bf5 92.
Qe5 Rd3+ 93. Ke2 Rf3 94. Qc7 Rh3 95. Qe5 Rh5 96. Ke3 Rh3+ 97. Ke2 Rb3 98. Qd6 Rb2+ 99.
Ke3 Rb3+ 100. Ke2 Rd3 101. Qe5 e3 102. Qxe3 Rxe3+ 103. Kxe3 1/2-1/2

[Event "*** SCC Grand Prix: Titled Tuesday Blitz"]
[Site "Chess.com"]
[Date "2020.09.08"]
[Round "3"]
[White "Vuk2000"]
[Black "Sibelephant"]
[Result "0-1"]
[WhiteElo "2720"]
[BlackElo "3122"]
[TimeControl "180+1"]
[EndTime "10:32:05 PDT"]
[Termination "Sibelephant won by resignation"]

1. d4 Nf6 2. Bg5 Ne4 3. Bf4 c5 4. f3 Qa5+ 5. c3 Nf6 6. d5 e6 7. e4 exd5 8. exd5 d6 9. Qd2 Be7 10. c4 Qd8 11. Bd3 Nbd7 12. Nc3 O-O 13. Nge2 Nh5 14. Be3 Ne5 15. O-O g6 16. Rae1 Re8 17. Nf4 Ng7 18. g4 f5 19. h3 Bf6 20. b3 Bd7 21.
Bb1 Qa5 22. Ne4 Qxd2 23. Nxf6+ Kf7 24. Bxd2 Kxf6 25. g5+ Kf7 26. Bc3 b6 27. Bxe5 Rxe5 28. Rxe5 dxe5 29. Nd3 f4 30. Nxe5+ Ke7 31. Re1 Kd6 32.
Nxd7 Kxd7 33. Re4 Rf8 34. Kf2 Ne8 35. a3 Nd6 36. Re6 b5 37. cxb5 Nxb5 38. Ra6 Rb8 39. Bd3 Nc7 40. Rxa7 Rxb3 41. Be4 Rb2+ 42. Ke1 Kd6 43.
h4 c4 44. Kd1 Nb5 45. Ra6+ Ke5 46. d6 Nxd6 47. Ra5+ Ke6 48. Bd5+ Kd7 49. Ra7+ Kd8 50. Rxh7 Nf5 51. h5 gxh5 52. Kc1 Rg2 53. Rxh5 c3 54. Rh1 Nd4 55. Be4 Nb3+ 56. Kd1 c2+ 57. Bxc2 Rd2+ 58. Ke1 Rxc2 59. Rh8+ Ke7 60. Rh4 Rc4 61. Ke2 Nc5 62. g6 Kf6 63. Rg4 Kg7 64. Kd2 Ne6 65.
Kd3 Ra4 66. Kd2 Rxa3 67. Ke2 Nd4+ 68. Kf2 Ra2+ 69. Kf1 Ne6 70. Ke1 Ra5 71. Kf2 Rg5 72.
Rh4 Kxg6 73. Rh1 Rc5 74. Rd1 Rc2+ 75. Kf1 Kf5 76. Rd5+ Kf6 77. Rd3 Ke5 78. Rd1 Nd4 79. Re1+ Kf5 80. Re8 Rc3 81. Kg2 Nxf3 82. Rf8+ Ke4 83.
Kh3 Ne5+ 84. Kh4 Ng6+ 85. Kg4 0-1

[Event "*** SCC Grand Prix: Titled Tuesday Blitz"]
[Site "Chess.com"]
[Date "2020.09.08"]
[Round "3"]
[White "wannabe2700"]
[Black "tigra"]
[Result "1/2-1/2"]
[WhiteElo "2633"]
[BlackElo "2854"]
[TimeControl "180+1"]
[EndTime "10:32:20 PDT"]
[Termination "Game drawn - insufficient material"]

1. e4 c5 2. d4 cxd4 3. Nf3 e5 4. c3 dxc3 5. Nxc3 Nc6 6. Bc4 Bb4 7. Qd5 Qe7 8. Bg5 Nf6 9. Bxf6 Qxf6 10. O-O Bxc3 11.
bxc3 d6 12. Bb5 Bd7 13. Rfd1 Ke7 14. Ng5 h6 15. Nxf7 Qxf7 16. Qxd6+ Ke8 17. Rd5 Rf8 18. f4 Qe6 19. Rxe5 Qxe5 20. fxe5 Rd8 21. Rd1 Kf7 22.
Bc4+ Ke8 23. Qg6+ Ke7 24. Qxg7+ Ke8 25. e6 Bxe6 26. Rxd8+ Nxd8 27. Bxe6 Nxe6 28. Qxb7 Rf7 29. Qa8+ Nd8 30. h3 Re7 31. Qd5 Re6 32. Kf2 a6 33.
Ke3 Ke7 34. a4 Nf7 35. g4 Ne5 36. h4 Nxg4+ 37. Kf4 Nf6 38. Qb7+ Nd7 39. e5 Ke8 40. Qd5 Ke7 41. a5 Rg6 42. Kf5 Rg1 43. Qd6+ Ke8 44. e6 Rf1+ 45. Kg6 Nf8+ 46. Kxh6 Rf6+ 47. Kg5 Rxe6 48. Qb8+ Ke7 49. Qb7+ Nd7 50. h5 Re5+ 51. Kg4 Rxa5 52. Qb4+ Rc5 53. h6 Kf7 54. h7 Nf6+ 55. Kf3 Rf5+ 56. Ke2 Nxh7 57. Qb7+ Kg6 58. Qxa6+ Nf6 59.
Qd3 Nd5 60. Kd1 Kf6 61. c4 Nf4 62. Qd4+ Ke7 63. Qe4+ Kf6 64. Kc2 Ne6 65. Kc3 Rg5 66. Kb4 Rf5 67. Qd3 Re5 68. Qd6 Rf5 69. Qd7 Re5 70. Qd3 Rf5 71. Qc3+ Kf7 72. Qh3 Rg5 73.
Qh1 Kf6 74. Qf1+ Ke7 75. Qe1 Kd6 76. Qa1 Ke7 77. Qa7+ Kd6 78. Qe3 Ke7 79. Qe2 Kd6 80. Qe1 Ke7 81. Kc3 Kd6 82. Qh1 Rg3+ 83. Kb4 Rg5 84. Qh7 Re5 85. Qf7 Rg5 86. Kc3 Rc5 87. Qe8 Rg5 88. Kd3 Nc5+ 89. Kc2 Nd7 90. Qd8 Re5 91.
Kc3 Kc6 92. Kd4 Kd6 93. Qxd7+ Kxd7 94. Kxe5 Kc6 95. Kd4 Kd6 96. c5+ Kc6 97. Kc4 Kc7 98. Kd5 Kd7 99. c6+ Kc7 100. Kc5 Kc8 101. Kb5 Kc7 102. Kc5 Kc8 103. Kd5 Kc7 104. Kd4 Kxc6 1/2-1/2

[Event "*** SCC Grand Prix: Titled Tuesday Blitz"]
[Site "Chess.com"]
[Date "2020.09.08"]
[Round "4"]
[White "NiranjanNavalgund"]
[Black "ChessWarrior3"]
[Result "1-0"]
[WhiteElo "2435"]
[BlackElo "2151"]
[TimeControl "180+1"]
[EndTime "10:34:03 PDT"]
[Termination "NiranjanNavalgund won by resignation"]

1. e4 c5 2. d4 cxd4 3. c3 dxc3 4. Bc4 cxb2 5. Bxb2 d6 6. Nf3 Nc6 7. O-O Bg4 8.
Bxf7+ Kxf7 9. Ng5+ Ke8 10. Qxg4 h6 11. Qh5+ Kd7 12. Qg4+ Kc7 13. Ne6+ 1-0

[Event "*** SCC Grand Prix: Titled Tuesday Blitz"]
[Site "Chess.com"]
[Date "2020.09.08"]
[Round "4"]
[White "RusPakhom"]
[Black "chessdjw"]
[Result "0-1"]
[WhiteElo "2294"]
[BlackElo "2581"]
[TimeControl "180+1"]
[EndTime "10:34:16 PDT"]
[Termination "chessdjw won by resignation"]

1. e4 c5 2. Nf3 d6 3. c3 Nf6 4.
Be2 g6 5. O-O Bg7 6. Re1 O-O 7.
Bf1 Nc6 8. h3 e5 9. d4 cxd4 10. cxd4 exd4 11. Nxd4 Nxd4 12. Qxd4 Re8 13. Qd3 d5 14. exd5 Rxe1 0-1

[Event "*** SCC Grand Prix: Titled Tuesday Blitz"]
[Site "Chess.com"]
[Date "2020.09.08"]
[Round "4"]
[White "SergeyKarjakin"]
[Black "Machidon"]
[Result "1-0"]
[WhiteElo "2962"]
[BlackElo "2554"]
[TimeControl "180+1"]
[EndTime "10:35:06 PDT"]
[Termination "SergeyKarjakin won by resignation"]

1. e4 c6 2. Nf3 d5 3. exd5 cxd5 4. Ne5 Nc6 5. Bb5 Bd7 6. Bxc6 bxc6 7. d4 Nf6 8. O-O e6 9. c4 Bd6 10. Bg5 Qc7 11. Re1 Ne4 12. Bf4 f6 13. Qh5+ g6 14. Nxg6 hxg6 15. Qxh8+ Ke7 16. Bxd6+ 1-0

[Event "*** SCC Grand Prix: Titled Tuesday Blitz"]
[Site "Chess.com"]
[Date "2020.09.08"]
[Round "4"]
[White "aa175"]
[Black "kinga2008"]
[Result "1-0"]
[WhiteElo "2391"]
[BlackElo "2141"]
[TimeControl "180+1"]
[EndTime "10:35:15 PDT"]
[Termination "aa175 won by checkmate"]

1. d4 g6 2. Bf4 Bg7 3. e3 c5 4.
Nf3 cxd4 5. exd4 d6 6. Nbd2 Bg4 7. Bc4 Nd7 8. Bxf7+ Kxf7 9. Ng5+ Ke8 10. Qxg4 Ngf6 11.
Qe6 Rf8 12. Nc4 Qb8 13. Nxd6+ Kd8 14. Qf7 Rxf7 15. Ne6# 1-0

[Event "*** SCC Grand Prix: Titled Tuesday Blitz"]
[Site "Chess.com"]
[Date "2020.09.08"]
[Round "4"]
[White "jeetjain"]
[Black "Mikhail_Golubev"]
[Result "1-0"]
[WhiteElo "2417"]
[BlackElo "2598"]
[TimeControl "180+1"]
[EndTime "10:35:41 PDT"]
[Termination "jeetjain won by resignation"]

1. e4 c5 2. Nf3 d6 3. Bb5+ Bd7 4. Bxd7+ Qxd7 5. O-O Nf6 6. Qe2 Nc6 7. c3 e6 8. d4 cxd4 9. cxd4 d5 10. e5 Ne4 11.
Nbd2 Nxd2 12. Bxd2 Be7 13. Rac1 O-O 14. a3 Na5 15. Bxa5 b6 16. Bd2 f5 17. exf6 gxf6 18. Rfe1 Kf7 19. Rc3 Rg8 20. Re3 e5 21. dxe5 1-0

[Event "*** SCC Grand Prix: Titled Tuesday Blitz"]
[Site "Chess.com"]
[Date "2020.09.08"]
[Round "4"]
[White "PowerThinking2650"]
[Black "BAS8892"]
[Result "1-0"]
[WhiteElo "2405"]
[BlackElo "2598"]
[TimeControl "180+1"]
[EndTime "10:35:45 PDT"]
[Termination "PowerThinking2650 won by resignation"]

1. e4 c5 2. Nf3 d6 3. d4 cxd4 4. Nxd4 Nf6 5. Nc3 g6 6. Be3 Bg7 7. Bc4 O-O 8. f3 Nc6 9. Qd2 Bd7 10. Bb3 Rc8 11. O-O-O Na5 12. h4 h5 13. Kb1 a6 14. Nde2 b5 15. Bh6 Nc4 16. Bxc4 Rxc4 17. Bxg7 Kxg7 18. Nf4 Be6 19. e5 dxe5 20. Nxe6+ fxe6 21.
Qxd8 Rxd8 22. Rxd8 1-0

[Event "*** SCC Grand Prix: Titled Tuesday Blitz"]
[Site "Chess.com"]
[Date "2020.09.08"]
[Round "4"]
[White "Xeslu"]
[Black "anasta10"]
[Result "1-0"]
[WhiteElo "2316"]
[BlackElo "2451"]
[TimeControl "180+1"]
[EndTime "10:35:47 PDT"]
[Termination "Xeslu won by resignation"]

1. e4 e6 2. d3 d5 3. Nd2 Nf6 4. Ngf3 c5 5. g3 Nc6 6. Bg2 Qc7 7. O-O b6 8. Re1 Be7 9. Qe2 Bb7 10. Nf1 O-O 11. Bf4 e5 12. exd5 exf4 13. dxc6 Qxc6 14. Nh4 Nd5 15. c4 Bxh4 16. Bxd5 f3 17. Qxf3 1-0

[Event "*** SCC Grand Prix: Titled Tuesday Blitz"]
[Site "Chess.com"]
[Date "2020.09.08"]
[Round "4"]
[White "aljado"]
[Black "CalinGheorghiu"]
[Result "0-1"]
[WhiteElo "2103"]
[BlackElo "2342"]
[TimeControl "180+1"]
[EndTime "10:35:56 PDT"]
[Termination "CalinGheorghiu won by resignation"]

1. e4 e6 2. d4 d5 3. exd5 exd5 4. c4 Nf6 5. Nc3 Bb4 6. Bg5 O-O 7. Nf3 h6 8. Bh4 Nc6 9. Be2 Bg4 10. O-O dxc4 11. Bxc4 Bxf3 12. Qxf3 Qxd4 13. Bxf6 Qxc4 14. Qg3 g6 15. h4 Nd4 16. Qg4 Bxc3 17. Bxd4 Qxd4 0-1

[Event "*** SCC Grand Prix: Titled Tuesday Blitz"]
[Site "Chess.com"]
[Date "2020.09.08"]
[Round "4"]
[White "Bacyanide"]
[Black "zaur-mammadov"]
[Result "0-1"]
[WhiteElo "2405"]
[BlackElo "2652"]
[TimeControl "180+1"]
[EndTime "10:36:04 PDT"]
[Termination "zaur-mammadov won by resignation"]

1. d4 d5 2. c4 dxc4 3. Nf3 Nf6 4. e3 e6 5. Bxc4 c5 6. O-O cxd4 7. exd4 Be7 8. Nc3 O-O 9. Bg5 Nc6 10. a3 h6 11. Bh4 Nh5 12. Bxe7 Nxe7 13. Ne5 Nf6 14. Qd3 b6 15. Rad1 Bb7 16. Rfe1 Rc8 17. Ba2 Ned5 18.
Bb1 Nf4 19. Qg3 N6h5 20. Qe3 Nxg2 21. Qd3 f5 22. Ba2 Ngf4 23. Qe3 Qg5+ 0-1

[Event "*** SCC Grand Prix: Titled Tuesday Blitz"]
[Site "Chess.com"]
[Date "2020.09.08"]
[Round "4"]
[White "snap_man"]
[Black "DarZay"]
[Result "1-0"]
[WhiteElo "2296"]
[BlackElo "2053"]
[TimeControl "180+1"]
[EndTime "10:36:12 PDT"]
[Termination "snap_man won by resignation"]

1. e4 e5 2. Nf3 Nc6 3. Bb5 a6 4. Ba4 Nge7 5. O-O d6 6. d4 exd4 7. Nxd4 Bd7 8. c4 g6 9. Nc3 Bg7 10. Nxc6 Nxc6 11. Be3 O-O 12. c5 dxc5 13. Bxc5 b5 14.
Bxf8 Bxf8 15. Bb3 Bg7 16. Qd5 Qe7 17. Rad1 Rd8 18. Qd2 Bg4 19. Nd5 Qc5 20. Rc1 Qd6 21.
Rxc6 1-0

[Event "*** SCC Grand Prix: Titled Tuesday Blitz"]
[Site "Chess.com"]
[Date "2020.09.08"]
[Round "4"]
[White "AlexTriapishko"]
[Black "TrickyFortem"]
[Result "1-0"]
[WhiteElo "2738"]
[BlackElo "2455"]
[TimeControl "180+1"]
[EndTime "10:36:15 PDT"]
[Termination "AlexTriapishko won by checkmate"]

1. e4 c5 2. Nf3 d6 3. d4 cxd4 4. Nxd4 Nf6 5. Nc3 a6 6. Be3 Ng4 7. Bg5 h6 8. Bh4 g5 9. Bg3 Bg7 10. h3 Ne5 11. Be2 Nbc6 12. Nb3 b5 13. a4 b4 14. Nd5 O-O 15. Ne3 e6 16. h4 Qe7 17.
hxg5 hxg5 18. Qd2 Bb7 19. Rh5 Rfd8 20. O-O-O a5 21. Rdh1 Rac8 22. Kb1 Qf6 23. Nd1 d5 24. exd5 Rxd5 25. Qxg5 Nd7 26. Rh8# 1-0

[Event "*** SCC Grand Prix: Titled Tuesday Blitz"]
[Site "Chess.com"]
[Date "2020.09.08"]
[Round "4"]
[White "olksuna"]
[Black "killer311"]
[Result "1-0"]
[WhiteElo "2664"]
[BlackElo "2468"]
[TimeControl "180+1"]
[EndTime "10:36:19 PDT"]
[Termination "olksuna won by resignation"]

1. Nf3 d5 2. g3 c6 3. Bg2 Bg4 4. h3 Bh5 5. O-O Nd7 6. d4 Ngf6 7. c4 e6 8. cxd5 exd5 9. Qb3 Qb6 10. Qe3+ Be7 11. Nh4 Bg6 12. Nc3 Qd8 13. b4 O-O 14. Nxg6 hxg6 15. b5 Re8 16. bxc6 b6 17. cxd7 Qxd7 18.
Qd3 Rac8 19. Bf4 Bb4 20. Rac1 Ne4 21. Nxe4 dxe4 22. Bxe4 Rxc1 23. Rxc1 Qxh3 24. Bg2 Qe6 25. d5 Qd7 26. d6 g5 27. Bxg5 1-0

[Event "*** SCC Grand Prix: Titled Tuesday Blitz"]
[Site "Chess.com"]
[Date "2020.09.08"]
[Round "4"]
[White "Legendinunknown"]
[Black "Gabix_94"]
[Result "0-1"]
[WhiteElo "2626"]
[BlackElo "2838"]
[TimeControl "180+1"]
[EndTime "10:36:43 PDT"]
[Termination "Gabix_94 won by resignation"]

1. d4 Nf6 2. c4 g6 3. Nc3 Bg7 4. e4 d6 5. Nf3 O-O 6. Be2 Bg4 7. Be3 Nfd7 8. h3 Bxf3 9. Bxf3 Nc6 10. d5 Na5 11.
Be2 Bxc3+ 12. bxc3 e5 13. g4 b6 14. Qd2 f6 15. h4 Rf7 16. O-O-O Nc5 17. f3 Nab3+ 18. axb3 Nxb3+ 19. Kc2 Nxd2 20. Bxd2 c6 21. dxc6 Rc8 22. Ra1 Rxc6 23. h5 g5 24. Ra4 Qc8 25. Rha1 a5 26. Be3 h6 27. Bd2 Rfc7 28. R1a3 Kg7 29. Kb2 Rxc4 30.
Rxc4 Rxc4 31. Bxc4 Qxc4 32. Rb3 Qe2 33. Kc1 Qf1+ 34.
Kc2 Qxf3 35. Rxb6 Qxe4+ 36. Kc1 Qxg4 37. Rxd6 Qxh5 38. c4 Qh1+ 39. Kc2 Qe4+ 40. Kc3 Kg6 41. Ra6 Qd4+ 42. Kb3 Qxd2 0-1

[Event "*** SCC Grand Prix: Titled Tuesday Blitz"]
[Site "Chess.com"]
[Date "2020.09.08"]
[Round "4"]
[White "mortngabriel"]
[Black "NMZanette"]
[Result "1-0"]
[WhiteElo "2401"]
[BlackElo "2192"]
[TimeControl "180+1"]
[EndTime "10:36:57 PDT"]
[Termination "mortngabriel won by resignation"]

1. Nf3 f5 2. d3 Nf6 3. e4 d6 4. Nc3 e5 5. exf5 Bxf5 6. d4 e4 7. Nh4 Bg4 8. Be2 Bxe2 9. Qxe2 d5 10. Qb5+ Nbd7 11. Qxb7 Rb8 12. Qc6 Rb6 13. Qa4 Bb4 14. O-O O-O 15. Nf5 Bxc3 16. bxc3 Ng4 17. Ne3 Nxh2 18. Nxd5 Rg6 19. Kxh2 Qh4+ 20. Kg1 Qg5 21. Bxg5 1-0

[Event "*** SCC Grand Prix: Titled Tuesday Blitz"]
[Site "Chess.com"]
[Date "2020.09.08"]
[Round "4"]
[White "kasparicy"]
[Black "pastouche06"]
[Result "0-1"]
[WhiteElo "2321"]
[BlackElo "2500"]
[TimeControl "180+1"]
[EndTime "10:37:00 PDT"]
[Termination "pastouche06 won by resignation"]

1. e4 c6 2. d4 d5 3. f3 Qb6 4.
a4 e5 5. Ne2 dxe4 6. a5 Qc7 7.
fxe4 Nf6 8. Nbc3 Bb4 9. Qd3 Bxa5 10. dxe5 Qxe5 11. Bf4 Bxc3+ 12. bxc3 Qxe4 13. Qg3 Nbd7 14. O-O-O Nh5 15. Qg5 Nxf4 16. Nxf4 O-O 17. Bd3 Qe5 18. Qh4 h6 19. Rde1 Qxc3 20. Nh5 Nc5 21. Re3 Nb3+ 0-1

[Event "*** SCC Grand Prix: Titled Tuesday Blitz"]
[Site "Chess.com"]
[Date "2020.09.08"]
[Round "4"]
[White "Beca95"]
[Black "MikaelyanArman"]
[Result "1-0"]
[WhiteElo "2931"]
[BlackElo "2742"]
[TimeControl "180+1"]
[EndTime "10:37:09 PDT"]
[Termination "Beca95 won by resignation"]

1. d4 d5 2. Nf3 Nf6 3. c4 c6 4. Nc3 e6 5. e3 Nbd7 6. Qc2 Bd6 7. e4 dxe4 8. Nxe4 Nxe4 9. Qxe4 Bb4+ 10. Bd2 Qa5 11.
Bd3 Nf6 12. Qe5 Bxd2+ 13. Nxd2 Qxe5+ 14. dxe5 Nd7 15. f4 Nc5 16. Ke2 Ke7 17. b4 Nxd3 18. Kxd3 a5 19. a3 f5 20. c5 b6 21. cxb6 Ba6+ 22. Kc3 axb4+ 23. axb4 Rhb8 24. Nb3 Rxb6 25. Nc5 Bb7 26. Rxa8 Bxa8 27. Ra1 Rb8 28. Ra7+ Ke8 29. Rxg7 1-0